 Dungeon Crawl Stone Soup version 0.30-a0-748-ge6a52f7cba (webtiles) character file.

Game seed: 15143432106839376535

8 Esekla the Sneak (level 2, -3/21 HPs)
             Began as an Octopode Delver on Feb 8, 2023.
             Slain by an iguana (11 damage)
             ... on level 5 of the Dungeon.
             The game lasted 00:00:58 (68 turns).

Esekla the Sneak (Octopode Delver)                    Turns: 68, Time: 00:00:59

Health: -3/21      AC:  1    Str: 11    XL:     2   Next: 8%
Magic:  2/2        EV: 13    Int: 12    God:
Gold:   0          SH:  0    Dex: 13    Spells: 1/1 levels left

rFire   . . .      SeeInvis .    a - +0 falchion
rCold   . . .      Faith    .    (no shield)
rNeg    . . .      Spirit   .    (helmet restricted)
rPois   .          Reflect  .    (no amulet)
rElec   .          Harm     .    (no ring)
rCorr   .          Rampage  .    (no ring)
Will    .....                    (no ring)
Stlth   ++++                     (no ring)
HPRegen 0.23/turn                (no ring)
MPRegen 0.08/turn                (no ring)
                                 (no ring)
                                 (no ring)

@: no status effects
A: almost no armour, amphibious, 8 rings, camouflage 1, gelatinous body 1,
(nimble swimmer 1), tentacles
a: no special abilities


You were on level 5 of the Dungeon.
You visited 1 branch of the dungeon, and saw 1 of its levels.

Inventory:

Hand Weapons
 a - a +0 falchion (weapon)
Wands
 f - a wand of digging (3)
Scrolls
 b - a scroll of fog
Potions
 e - a potion of haste


   Skills:
 * Level 3.1 Fighting
 * Level 2.1 Long Blades
 * Level 2.1 Dodging
 + Level 6.8 Stealth
 * Level 0.2 Spellcasting


You had one spell level left.
You didn't know any spells.
Your spell library was empty.

Dungeon Overview and Level Annotations

Branches:
Dungeon (5/15)
 Temple: D:4-7

Altars:
Qazlal


Innate Abilities, Weirdness & Mutations

You cannot wear most types of armour.
You are amphibious.
You can wear up to eight rings at the same time.
Your skin changes colour to match your surroundings (Stealth+).
Your rubbery body absorbs attacks. (AC +1, EV +1)
((You are camouflaged when in or above water. (Stealth+)))
You have tentacles for arms and can constrict up to eight enemies at once.


Message History

You feel aware of your surroundings.
You sensed 2 altars.
Found a stormy altar of Qazlal.
Found a stone staircase leading up.
Found an escape hatch in the floor.
Found a stone staircase leading down.
A water moccasin comes into view.
There is a stone staircase leading up here.
An iguana comes into view.
A dart slug comes into view.
An ogre comes into view. It is wielding a +0 giant club.
Found a stone staircase leading down.
A scorpion comes into view.
Found 15 gold pieces and a scroll of fog.
An ogre comes into view. It is wielding a +0 giant club.
The ogre shouts!
You hear a shout! x2
The ogre closely misses you.
As you read the scroll of fear, it crumbles to dust.
You assume a fearsome visage.
The ogre looks frightened!
The scorpion looks frightened!
The ogre looks frightened!
A shadow imp comes into view.
Found a dagger.
The ogre screams, "Help!"
You closely miss the shadow imp. Your grab misses the shadow imp.
You squeeze the shadow imp.
The shadow imp is moderately wounded.
The shadow imp hits you.
You closely miss the shadow imp. Your grab misses the shadow imp.
You squeeze the shadow imp!
You kill the shadow imp!
You have reached level 2!
Found a glowing tourmaline ring.
The ogre almost stumbles in trying to escape.
You barely miss the iguana. You grab the iguana.
You constrict the iguana, but do no damage.
The iguana bites you.
You hit the iguana but do no damage.
You constrict the iguana, but do no damage.
The iguana closely misses you.
You hit the iguana but do no damage. You constrict the iguana.
The iguana bites you! x2
Ouch! That really hurt!
You die...

########.#** ####...O.....,,
###....###..###** #...######.###*
##......O......* #..#.##...>...=*
#O##..#.$......*
#l###.....?###.*** #@# *####..#
*,,,, #.# *.)# ****,
##############.# ***..#* *,
##.....##.....#.# *,,,..** *,
##..>............# **,###..****,
#................# *,.....,,,,,,
#................####......,,,,,,
#........................l.,,,,,*
#...................##.....,,,,,,


You could see an ogre and an iguana.

Vanquished Creatures
  A shadow imp (D:5)
1 creature vanquished.

Notes
Turn   | Place    | Note
-------+----------+-------------------------------------------
     0 | D:5      | Esekla the Octopode Delver began the quest for the Orb.
     0 | D:5      | Reached XP level 1. HP: 16/16 MP: 1/1
     9 | D:5      | Found a stormy altar of Qazlal.
    17 | D:5      | Noticed a water moccasin
    25 | D:5      | Noticed an iguana
    39 | D:5      | Noticed an ogre
    40 | D:5      | Noticed a scorpion
    45 | D:5      | Noticed an ogre
    56 | D:5      | Reached XP level 2. HP: 18/21 MP: 2/2
    68 | D:5      | Slain by an iguana

Illustrated notes

Levels and vault maps discovered:
D:5:      layout_rooms, mainiacjoe_overflow_alcove_4,
          nicolae_qazlal_eye_of_the_storm

Action                     || total
---------------------------++-------
  Melee: Falchion          ||     5
         Tentacles         ||     2
         Constrict         ||     1
    Use: Scroll            ||     2
  Dodge: Dodged            ||     2

Table legend: (Time is in decaauts)
 A = Elapsed time spent in this place.
 B = Non-inter-level travel time spent in this place.
 C = Inter-level travel time spent in this place.
 D = Time resting spent in this place.
 E = Time spent auto-exploring this place.
 F = Levels seen in this place.
 G = Mean time per level.
                   A        B        C        D        E       F      G
               +--------+--------+--------+--------+--------+-----+--------+
         Total |     68 |     68 |      0 |      0 |      0 |   1 |   68.0 |
       Dungeon |     68 |     68 |      0 |      0 |      0 |   1 |   68.0 |
               +--------+--------+--------+--------+--------+-----+--------+

Top non-repeatable levels by time:
     D:5: 68 daAuts
